 Dungeon Sprint DCSS version 0.21-a0-243-g597973d (webtiles) character file.

291124 Kidiri the Archmage (level 18, -12/119 HPs)
             Began as a Deep Elf Fire Elementalist on Sept 3, 2017.
             Was the Champion of Vehumet.
             Killed from afar by an Ice Fiend (63 damage)
             ... with a bolt of cold
             ... in the Dungeon (Sprint III: "The Ten Rune Challenge") on Sept 4, 2017.
             The game lasted 01:44:54 (13635 turns).

Kidiri the Archmage (Deep Elf Fire Elementalist)   Turns: 13635, Time: 01:44:55

Health: -12/119    AC: 16    Str: 13    XL:     18   Next: 43%
Magic:  51/51      EV: 21    Int: 39    God:    Vehumet [******]
Gold:   5333       SH: 19    Dex: 17    Spells: 0/71 levels left

rFire    + + +     SeeInvis +   G - +9 short sword "Esuni" {pierce, rF+ rC+ MR+ Str-5}
rCold    x . .     Gourm    .   x - +0 shield of Caseth {rPois rN+ Int+4}
rNeg     + + .     Faith    .   v - +2 leather armour {rN+}
rPois    +         Spirit   .   D - +2 hat {Int+3}
rElec    +         Reflect  +   S - scarf {repulsion}
rCorr    .         Harm     .   N - +2 pair of gloves of Parts Unknown {*Contam rElec Str+10 Int+2}
MR       ++++.     Rnd*Rage +   r - +2 pair of boots {Fly} Stlth ++........NoTele +
                                V - amulet of the Everdark {Reflect +Blink Str+3 Dex+4 SH+6}
HPRegen  0.69/turn              a - ring "Wijeptum" {+Inv rElec MR- Dex-2 SInv}
MPRegen  0.32/turn              s - ring of the Mage {Wiz MR++ Int+3}

@: immune to fire clouds, flying, very slightly contaminated, repel missiles
A: talons 1, berserk 2, dopey 1, magic resistance 1, regeneration 1, screaming 1
}: 5/10 runes: serpentine, barnacled, slimy, silver, golden
a: Renounce Religion, Evoke Blink, Evoke Invisibility, Stop Flying


You were in the Dungeon.
You worshipped Vehumet.
Vehumet was exalted by your worship.
You were full.

You visited 1 branch You collected 9831 gold pieces.
You spent 4498 gold pieces at shops.

Inventory:

Hand Weapons
 G - the +9 short sword "Esuni" (weapon) {pierce, rF+ rC+ MR+ Str-5}
   (You found it in the Dungeon)

   It inflicts extra damage upon your enemies.
   It affects your strength (-5).
   It protects you from fire.
   It protects you from cold.
   It affects your resistance to hostile enchantments.
Missiles
 n - 19 throwing nets (quivered)
Armour
 r - a +2 pair of boots of flying (worn)
 u - a +2 large shield of positive energy
 v - a +2 leather armour of positive energy (worn)
 x - the +0 shield of Caseth (worn) {rPois rN+ Int+4}
   (You acquired it in the Dungeon)

   It affects your intelligence (+4).
   It protects you from poison.
   It protects you from negative energy.
 D - a +2 hat of intelligence (worn)
 N - the +2 pair of gloves of Parts Unknown (worn) {*Contam rElec Str+10 Int+2}
   (You acquired it in the Dungeon)

   It affects your strength (+10).
   It affects your intelligence (+2).
   It insulates you from electricity.
   It causes magical contamination when unequipped.
 S - a scarf of repulsion (worn)
 T - the -3 pair of gloves of Eruor {rF- rCorr Str+4 Dex+2}
   (You acquired it in the Dungeon)

   It affects your strength (+4).
   It affects your dexterity (+2).
   It makes you vulnerable to fire.
   It protects you from acid and corrosion.
Jewellery
 a - the ring "Wijeptum" (left hand) {+Inv rElec MR- Dex-2 SInv}
   (You found it in the Dungeon)

   [ring of dexterity]

   It affects your dexterity (-2).
   It insulates you from electricity.
   It affects your resistance to hostile enchantments.
   It lets you see invisible.
   It lets you turn invisible.
 s - the ring of the Mage (right hand) {Wiz MR++ Int+3}
   (You bought it in a shop in the Dungeon)

   [ring of wizardry]

   It improves your spell success rate.
   It affects your intelligence (+3).
   It affects your resistance to hostile enchantments.
 K - an uncursed ring of resist corrosion
 M - an uncursed ring of positive energy
 V - the amulet of the Everdark (around neck) {Reflect +Blink Str+3 Dex+4 SH+6}
   (You found it in the Dungeon)

   [amulet of reflection]

   It shields you and reflects attacks.
   It affects your strength (+3).
   It affects your dexterity (+4).
   It lets you blink.
   It affects your SH (+6).
Wands
 b - a wand of acid (4/15)
 c - a wand of acid (10/15)
 d - a wand of paralysis (6/24)
 z - a wand of digging (7/24)
 E - a wand of iceblast (5/15)
 P - a wand of iceblast (4/15)
Scrolls
 i - 3 scrolls of blinking
 m - 3 scrolls of torment
 o - 6 scrolls of identify
 y - 4 scrolls of amnesia
 H - 4 scrolls of silence
Potions
 e - 6 potions of curing
 f - 2 potions of haste
 h - 2 potions of berserk rage
 k - a potion of lignification
 l - 2 potions of mutation
 p - 4 potions of might
 w - 4 potions of ambrosia
 F - a potion of brilliance
 J - a potion of agility
Books
 g - a book of Clouds

   Spells                             Type                      Level
   a - Poisonous Vapours              Poison/Air                   2
   b - Mephitic Cloud                 Conjuration/Poison/Air       3
   c - Conjure Flame                  Conjuration/Fire             3
   d - Freezing Cloud                 Conjuration/Ice/Air          6
   e - Ring of Flames                 Charms/Fire                  7
 j - a book of Fire

   Spells                             Type                      Level
   a - Ignite Poison                  Fire/Transmutation/Poison    3
   b - Fireball                       Conjuration/Fire             5
   c - Bolt of Fire                   Conjuration/Fire             6
   d - Ring of Flames                 Charms/Fire                  7
   e - Ignition                       Fire                         8
 C - a book of Ice

   Spells                             Type                      Level
   a - Ice Form                       Ice/Transmutation            4
   b - Metabolic Englaciation         Hexes/Ice                    5
   c - Ozocubu's Refrigeration        Ice                          6
   d - Bolt of Cold                   Conjuration/Ice              6
   e - Freezing Cloud                 Conjuration/Ice/Air          6
   f - Simulacrum                     Ice/Necromancy               6
 I - a book of the Earth

   Spells                             Type                      Level
   a - Leda's Liquefaction            Hexes/Earth                  4
   b - Bolt of Magma                  Conjuration/Fire/Earth       5
   c - Statue Form                    Transmutation/Earth          6
   d - Iron Shot                      Conjuration/Earth            6
   e - Shatter                        Earth                        9
 Q - the Tome of the Merchant
   (You found it in the Dungeon)

   Spells                             Type                      Level
   a - Poisonous Vapours              Poison/Air                   2
   b - Stone Arrow                    Conjuration/Earth            3
   c - Freezing Cloud                 Conjuration/Ice/Air          6
   d - Iron Shot                      Conjuration/Earth            6
   e - Tornado                        Air                          9
 R - a book of Burglary

   Spells                             Type                      Level
   a - Swiftness                      Charms/Air                   2
   b - Passwall                       Transmutation/Earth          2
   c - Passage of Golubria            Translocation                4
   d - Lee's Rapid Deconstruction     Earth                        5
   e - Darkness                       Hexes                        6
   f - Invisibility                   Hexes                        6
Comestibles
 q - 3 bread rations
 t - 6 royal jellies
 A - 17 chunks of flesh


   Skills:
 + Level 15.5 Fighting
 - Level 10.7 Short Blades
 + Level 16.7 Armour
 - Level 13.1 Dodging
 - Level 2.4 Stealth
 + Level 13.7 Shields
 O Level 27 Spellcasting
 + Level 19.9 Conjurations
 + Level 15.8 Charms
 + Level 20.0 Fire Magic
 + Level 17.2 Air Magic
 + Level 17.0 Earth Magic
 + Level 18.5 Poison Magic
 + Level 16.1 Evocations


You couldn't memorise any spells.
You knew the following spells:

 Your Spells              Type           Power        Failure   Level  Hunger
a - Flame Tongue          Conj/Fire      #####        0%          1    None
b - Throw Flame           Conj/Fire      ######       0%          2    None
c - Conjure Flame         Conj/Fire      ########     0%          3    None
d - Inner Flame           Hex/Fire       ########     0%          3    None
e - Ignite Poison         Fire/Tmut/Pois ########     0%          3    None
f - Sticky Flame          Conj/Fire      ########     0%          4    None
g - Fireball              Conj/Fire      ########..   0%          5    None
h - Bolt of Fire          Conj/Fire      ########..   0%          6    None
i - Ring of Flames        Chrm/Fire      ########..   1%          7    None
j - Ignition              Fire           ########..   1%          8    None
k - Fire Storm            Conj/Fire      ########..   1%          9    None
l - Iron Shot             Conj/Erth      ########..   1%          6    None
m - Airstrike             Air            ########..   0%          4    None
n - Mephitic Cloud        Conj/Pois/Air  ########     0%          3    None
o - Orb of Destruction    Conj           ########..   1%          7    None


Dungeon Overview and Level Annotations

Branches:
Dungeon (1/1)

Altars:
Cheibriados
Dithmenos
Elyvilon
Fedhas
Gozag
Hepliaklqana
Kikubaaqudgha
Makhleb
Nemelex Xobeh
Okawaru
Qazlal
Ru
Sif Muna
Trog
Uskayaw
Vehumet
Wu Jian
Xom
Yredelemnul
Zin
The Shining One
Beogh
Jiyva
Lugonu

Shops:
D ?[=[=?!!%![[!:!}%:?}?[(=


Innate Abilities, Weirdness & Mutations

You have sharp toenails.
You often lose your temper in combat.
You are dopey. (Int -2)
You are resistant to hostile enchantments. (MR+)
Your natural rate of healing is unusually fast.
You occasionally shout uncontrollably at your foes.


Message History

You hit the kraken simulacrum.
The kraken simulacrum is severely damaged.
The kraken simulacrum is engulfed in blazing flames.
The kraken simulacrum vapourises!
Vehumet accepts your kill.
The dead kraken's tentacles slide back into the water.
Unknown command.
You reach down and open the door.
An Ice Fiend comes into view.
You shout at the Ice Fiend!
The Ice Fiend roars!
The Ice Fiend gestures at you. The bolt of cold hits you!
You feel a terrible chill!
Ouch! That really hurt!
You hear a sizzling sound!
Found 9 gold pieces.
The Ice Fiend gestures at you. The bolt of cold hits you!
You feel a terrible chill!
Ouch! That really hurt!
You die...

.....).)...............#...# ##.#
.....)...}.(...((......#...###...
......)))(.............'...+..[..
......).)(......(......#...###...
.......)...............#...# ##[#
##+#############'##############.#
#≈≈≈§≈≈§≈≈##......#+#
#≈###§§#####......#)+ ##+# #1@§§#
#......#.#
#≈≈≈≈###§§#+###......+.#
#≈≈≈≈≈≈≈§§≈≈≈##......###
#≈≈≈≈#+#≈≈≈≈≈##.###..# ##+
#≈≈#####.#^#..+.. #≈≈+ #.###..#..
≈≈≈# #......### #### ########


You could see an Ice Fiend.

Vanquished Creatures
  the Royal Jelly (D)
  Mennas (D)
  Mara (D)
  Sojobo (D)
  2 greater mummies (D)
  Boris (D)
  Nikola (D)
  Geryon (D)
  2 liches (D)
  Rupert (D)
  A titan (D)
  2 sphinxes (D)
  A deep elf blademaster (D)
  5 acid blobs (D)
  An ancient champion (D)
  A kraken (D)
  Chuck (D)
  Gastronok (D)
  Harold (D)
  2 shadow dragons (D)
  Roxanne (D)
  A storm dragon (D)
  15 azure jellies (D)
  2 fire giants (D)
  2 draconian knights (D)
  A nagaraja (D)
  2 frost giants (D)
  A deep elf demonologist (D)
  2 vampire knights (D)
  5 stone giants (D)
  Azrael (D)
  A dire elephant (D)
  A deep elf annihilator (D)
  2 deep elf death magi (D)
  11 mummy priests (D)
  9 death oozes (D)
  3 yaktaur captains (D)
  Erolcha (D)
  A fire dragon (D)
  16 vault guards (D)
  2 hydras (D)
  A naga warrior (D)
  2 alligator snapping turtles (D)
  2 hell beasts (D)
  A centaur warrior (D)
  An ogre mage (D)
  4 dancing weapons (D)
  3 anacondas (D)
  A two-headed ogre (shapeshifter) (D)
  3 death yaks (D)
  2 soul eaters (D)
  2 deep elf knights (D)
  An orc high priest (D)
  2 titan zombies (D)
  A shock serpent (shapeshifter) (D)
  2 sun demons (D)
  Urug (D)
  An iron golem (D)
  5 skeletal warriors (D)
  4 hell knights (D)
  A spriggan druid (D)
  A death drake (D)
  An anaconda zombie (D)
  An obsidian statue (D)
  An orange crystal statue (D)
  A swamp dragon (shapeshifter) (D)
  2 kraken simulacra (D)
  A lindwurm (D)
  3 orc knights (D)
  Joseph (D)
  4 crystal guardians (D)
  2 oklob plants (D)
  8 deep elf magi (D)
  2 ugly things (D)
  4 shining eyes (D)
  2 elephants (D)
  A stone giant skeleton (D)
  An iron troll simulacrum (D)
  A water nymph (shapeshifter) (D)
  6 black mambas (D)
  A guardian serpent (D)
  6 statues (D)
  2 spiny frogs (D)
  10 yaktaurs (D)
  A rime drake (D)
  A komodo dragon (D)
  An anaconda simulacrum (D)
  13 guardian mummies (D)
  2 ice devils (D)
  A queen bee (D)
  A hornet (D)
  2 tyrant leeches (D)
  4 snapping turtles (D)
  7 slime creatures (D)
  3 wandering mushrooms (D)
  8 blink frogs (D)
  5 redbacks (D)
  2 spriggans (D)
  A shadow (D)
  A redback (shapeshifter) (D)
  A spatial vortex (D)
  2 nagas (D)
  2 swamp worms (shapeshifter) (D)
  An orc warrior (D)
  2 water moccasins (D)
  3 hydra simulacra (D)
  A floating eye (shapeshifter) (D)
  A swamp drake (D)
  3 floating eyes (D)
  A fire dragon simulacrum (D)
  A black mamba simulacrum (D)
  A necrophage (D)
  5 two-headed ogres (D)
  A water elemental (D)
  A scorpion (D)
  29 killer bees (D)
  8 electric eels (D)
  A jelly (D)
  2 orc priests (D)
  Jessica (D)
  2 necromancers (D)
  A wizard (D)
  2 orc wizards (D)
  3 humans (D)
  A kobold demonologist (D)
  2 adders (D)
  10 orcs (D)
  2 rats (D)
  4 butterflies (D)
  2 fungi (D)
  7 plants (D)
366 creatures vanquished.

Vanquished Creatures (collateral kills)
  2 killer bees (D)
  A bush (D)
3 creatures vanquished.

Vanquished Creatures (others)
  3 deep elf blademasters (D)
  2 draconian scorchers (D)
  A dire elephant (D)
  Nessos (D)
  A yaktaur captain (D)
  A mummy priest (D)
  A centaur warrior (D)
  A death yak (D)
  A skeletal warrior (D)
  A golden dragon zombie (D)
  A shadow wraith (D)
  2 statues (D)
  A glowing orange brain (D)
  A molten gargoyle (D)
  6 hellions (D)
  3 yaktaurs (D)
  2 guardian mummies (D)
  4 spriggan defenders (D)
  2 hornets (D)
  An orc high priest (D)
  A killer bee (D)
  3 orc priests (D)
  2 ball lightnings (D)
  8 ballistomycetes (D)
  6 ballistomycete spores (D)
  5 bushes (D)
  A fire vortex (D)
  A fungus (D)
  41 plants (D)
  12 tentacles (D)
116 creatures vanquished.

Grand Total: 485 creatures vanquished

Notes
Turn   | Place    | Note
-------+----------+-------------------------------------------
     0 | D        | Kidiri the Deep Elf Fire Elementalist began the quest for the Orb.
     0 | D        | Reached XP level 1. HP: 10/10 MP: 6/6
    29 | D        | Killed a yaktaur
    44 | D        | Noticed Jessica
    50 | D        | Killed Jessica
    50 | D        | Reached skill level 6 in Spellcasting
    50 | D        | Reached XP level 2. HP: 15/15 MP: 1/11
    54 | D        | Learned a level 2 spell: Throw Flame
   105 | D        | Killed a hellion
   107 | D        | Killed a hellion
   137 | D        | Noticed a scorpion
   142 | D        | Killed a scorpion
   142 | D        | Reached skill level 8 in Spellcasting
   142 | D        | Reached skill level 5 in Fire Magic
   142 | D        | Reached XP level 3. HP: 19/19 MP: 8/14
   142 | D        | Reached XP level 4. HP: 24/24 MP: 9/16
   146 | D        | Killed a hellion
   147 | D        | Learned a level 3 spell: Conjure Flame
   147 | D        | Killed a hellion
   151 | D        | Learned a level 3 spell: Inner Flame
   156 | D        | Learned a level 4 spell: Sticky Flame
   160 | D        | Killed a hellion
   172 | D        | Gained mutation: Your movements are slightly less encumbered by armour. (ER -2) [potion of mutation]
   172 | D        | Gained mutation: Armour fits poorly on your strangely shaped body. [potion of mutation]
   172 | D        | Gained mutation: You have an increased reservoir of magic. (+10% MP) [potion of mutation]
   173 | D        | Lost mutation: Armour fits poorly on your strangely shaped body. [potion of mutation]
   173 | D        | Lost mutation: You have an increased reservoir of magic. (+10% MP) [potion of mutation]
   173 | D        | Lost mutation: Your movements are slightly less encumbered by armour. (ER -2) [potion of mutation]
   173 | D        | Gained mutation: You are resistant to hostile enchantments. (MR+) [potion of mutation]
   173 | D        | Gained mutation: You have sharp toenails. [potion of mutation]
   173 | D        | Gained mutation: Your natural rate of healing is unusually fast. [potion of mutation]
   229 | D        | Killed a white draconian scorcher
   229 | D        | Killed a white draconian scorcher
   268 | D        | Noticed a water elemental
   271 | D        | Killed a water elemental
   271 | D        | Reached skill level 10 in Spellcasting
   271 | D        | Reached skill level 5 in Conjurations
   271 | D        | Reached XP level 5. HP: 28/28 MP: 11/19
   279 | D        | Learned a level 5 spell: Fireball
   283 | D        | Killed a hellion
   318 | D        | Found a radiant altar of Vehumet.
   319 | D        | Found a deep blue altar of Sif Muna.
   319 | D        | Found an ancient bone altar of Kikubaaqudgha.
   322 | D        | Reached skill level 1 in Fighting
   322 | D        | Reached skill level 1 in Armour
   333 | D        | Became a worshipper of Vehumet
   379 | D        | Found a glowing silver altar of Zin.
   380 | D        | Found a glowing golden altar of the Shining One.
   380 | D        | Found a white marble altar of Elyvilon.
   380 | D        | Noticed a deep elf mage
   388 | D        | Killed a deep elf mage
   388 | D        | Reached skill level 5 in Dodging
   388 | D        | Reached skill level 12 in Spellcasting
   388 | D        | Reached XP level 6. HP: 37/37 MP: 17/23
   388 | D        | Reached XP level 7. HP: 41/41 MP: 17/24
   425 | D        | Found an ornate altar of the Wu Jian Council.
   425 | D        | Found a roughly hewn altar of Beogh.
   425 | D        | Found an iron altar of Okawaru.
   425 | D        | Found a bloodstained altar of Trog.
   425 | D        | Found a hide-covered altar of Uskayaw.
   425 | D        | Noticed a human
   425 | D        | Noticed a human
   428 | D        | Killed a human
   428 | D        | Killed a human
   428 | D        | Reached * piety under Vehumet
   428 | D        | Offered knowledge of Sting by Vehumet.
   501 | D        | Found a basalt altar of Yredelemnul.
   501 | D        | Found a shadowy altar of Dithmenos.
   501 | D        | Found a sacrificial altar of Ru.
   505 | D        | Reached skill level 13 in Spellcasting
   580 | D        | Noticed a shadow
   582 | D        | Killed a shadow
   582 | D        | Reached ** piety under Vehumet
   582 | D        | Reached XP level 8. HP: 37/47 MP: 19/27
   621 | D        | Found a blossoming altar of Fedhas.
   621 | D        | Found a stormy altar of Qazlal.
   621 | D        | Found a snail-covered altar of Cheibriados.
   621 | D        | Found a burning altar of Makhleb.
   621 | D        | Found a shimmering altar of Xom.
   622 | D        | Found a hazy altar of Hepliaklqana.
   622 | D        | Found an opulent altar of Gozag.
   622 | D        | Found a sparkling altar of Nemelex Xobeh.
   622 | D        | Found a corrupted altar of Lugonu.
   622 | D        | Found a viscous altar of Jiyva.
   641 | D        | Offered knowledge of Sandblast by Vehumet.
   738 | D        | Reached skill level 5 in Short Blades
   739 | D        | Reached *** piety under Vehumet
   869 | D        | Noticed a two-headed ogre
   883 | D        | Killed a two-headed ogre
   883 | D        | Offered knowledge of Mephitic Cloud by Vehumet.
   883 | D        | Reached skill level 14 in Spellcasting
   888 | D        | Learned a level 3 spell: Mephitic Cloud
   948 | D        | Noticed Erolcha
   950 | D        | Noticed a two-headed ogre
   953 | D        | Killed Erolcha
   953 | D        | Offered knowledge of Iskenderun's Mystic Blast by Vehumet.
   953 | D        | Reached skill level 5 in Fighting
   953 | D        | Reached skill level 5 in Armour
   953 | D        | Reached XP level 9. HP: 53/53 MP: 21/29
   961 | D        | Killed a two-headed ogre
   961 | D        | Reached **** piety under Vehumet
   961 | D        | Reached skill level 15 in Spellcasting
  1079 | D        | Reached skill level 10 in Fire Magic
  1156 | D        | Noticed a queen bee
  1159 | D        | Offered knowledge of Airstrike by Vehumet.
  1159 | D        | Reached ***** piety under Vehumet
  1165 | D        | Reached ****** piety under Vehumet
  1172 | D        | Killed a queen bee
  1172 | D        | Reached XP level 10. HP: 58/59 MP: 28/31
  1184 | D        | Learned a level 4 spell: Airstrike
  1184 | D        | Offered knowledge of Bolt of Fire by Vehumet.
  1193 | D        | Learned a level 6 spell: Bolt of Fire
  1308 | D        | Reached skill level 10 in Conjurations
  1322 | D        | Reached skill level 16 in Spellcasting
  1423 | D        | Reached skill level 5 in Poison Magic
  1425 | D        | Offered knowledge of Orb of Destruction by Vehumet.
  1455 | D        | Learned a level 7 spell: Orb of Destruction
  1625 | D        | Noticed a spiny frog
  1625 | D        | Noticed a spiny frog
  1627 | D        | Killed a spiny frog
  1629 | D        | Killed a spiny frog
  1629 | D        | Reached skill level 10 in Dodging
  1678 | D        | Reached skill level 5 in Air Magic
  1914 | D        | Noticed a lindwurm
  1917 | D        | Killed a lindwurm
  1917 | D        | Offered knowledge of Lightning Bolt by Vehumet.
  1999 | D        | Noticed Urug
  2002 | D        | Killed Urug
  2002 | D        | Reached skill level 17 in Spellcasting
  2002 | D        | Reached XP level 11. HP: 66/66 MP: 18/34
  2112 | D        | Noticed an eight-headed hydra
  2112 | D        | Noticed a four-headed hydra
  2116 | D        | Killed a four-headed hydra
  2117 | D        | Killed an eight-headed hydra
  2170 | D        | Noticed a death drake
  2172 | D        | Killed a death drake
  2213 | D        | Found a blossoming altar of Fedhas.
  2213 | D        | Noticed a spriggan druid
  2214 | D        | Offered knowledge of Bolt of Cold by Vehumet.
  2217 | D        | Killed a spriggan druid
  2359 | D        | Killed a dire elephant
  2370 | D        | Killed a death yak
  2450 | D        | Noticed an anaconda
  2450 | D        | Noticed an anaconda
  2451 | D        | Offered knowledge of Conjure Ball Lightning by Vehumet.
  2454 | D        | Killed an anaconda
  2454 | D        | Reached skill level 18 in Spellcasting
  2454 | D        | Killed an anaconda
  2529 | D        | Noticed an anaconda
  2532 | D        | Killed an anaconda
  2702 | D        | Noticed a naga warrior
  2702 | D        | Noticed a nagaraja
  2706 | D        | Killed a nagaraja
  2706 | D        | Reached XP level 12. HP: 73/73 MP: 12/36
  2711 | D        | Killed a naga warrior
  2711 | D        | Offered knowledge of Iron Shot by Vehumet.
  2719 | D        | Learned a level 6 spell: Iron Shot
  2725 | D        | Found Paxof's Antique Armour Shop.
  2725 | D        | Found Buthren's Jewellery Shoppe.
  2740 | D        | Found Lucad's Magic Scroll Boutique.
  2761 | D        | Got a serpentine rune of Zot
  2844 | D        | Reached skill level 19 in Spellcasting
  2844 | D        | Reached skill level 1 in Earth Magic
  2854 | D        | Reached skill level 1 in Shields
  2857 | D        | Offered knowledge of Spellforged Servitor by Vehumet.
  2903 | D        | Noticed Rupert
  2909 | D        | Killed Rupert
  2909 | D        | Reached skill level 10 in Short Blades
  2967 | D        | Noticed a death yak
  2968 | D        | Noticed a death yak
  2972 | D        | Noticed a death yak
  2973 | D        | Killed a death yak
  2974 | D        | Killed a death yak
  2975 | D        | Killed a death yak
  3248 | D        | Noticed an azure jelly
  3248 | D        | Noticed an azure jelly
  3258 | D        | Noticed a kraken
  3549 | D        | Killed a kraken
  3648 | D        | Killed a deep elf blademaster
  3650 | D        | Noticed an alligator snapping turtle
  3650 | D        | Noticed an alligator snapping turtle
  3666 | D        | Killed a mummy priest
  3717 | D        | Offered knowledge of Fire Storm by Vehumet.
  3717 | D        | Offered knowledge of Chain Lightning by Vehumet.
  3717 | D        | Offered knowledge of Ignition by Vehumet.
  3723 | D        | Killed a deep elf blademaster
  3833 | D        | Killed an alligator snapping turtle
  3833 | D        | Reached skill level 20 in Spellcasting
  4091 | D        | Killed an alligator snapping turtle
  4091 | D        | Reached skill level 10 in Poison Magic
  4091 | D        | Reached XP level 13. HP: 52/79 MP: 12/39
  4110 | D        | Found Vin Seud's Magic Scroll Shoppe.
  4110 | D        | Found Ahuup's Antique Armour Boutique.
  4110 | D        | Found Peugroni's Jewellery Shop.
  4120 | D        | Got a barnacled rune of Zot
  4306 | D        | Learned a level 8 spell: Ignition
  4306 | D        | Noticed an azure jelly
  4306 | D        | Noticed an azure jelly
  4307 | D        | Noticed a dire elephant
  4307 | D        | Noticed Gastronok
  4309 | D        | Reached skill level 5 in Earth Magic
  4311 | D        | Killed a dire elephant
  4313 | D        | Killed Gastronok
  4474 | D        | Killed a deep elf blademaster
  4531 | D        | Found Gymenout's Distillery.
  4648 | D        | Bought a potion of brilliance for 40 gold pieces
  4764 | D        | Bought a brightly glowing leather armour for 224 gold pieces
  4774 | D        | Identified the cursed +0 leather armour of the Earth {+Inv Slay+2} (You bought it in a shop in the Dungeon)
  4867 | D        | Bought a runed cloak for 195 gold pieces
  4867 | D        | Bought a pair of runed boots for 195 gold pieces
  4894 | D        | Bought the ring of the Mage {Wiz MR++ Int+3} for 723 gold pieces
  4894 | D        | Found the ring of the Mage {Wiz MR++ Int+3}
  5006 | D        | Reached skill level 1 in Evocations
  5125 | D        | Noticed a deep elf demonologist
  5126 | D        | Noticed a deep elf annihilator
  5126 | D        | Noticed a deep elf death mage
  5126 | D        | Killed a deep elf demonologist
  5126 | D        | Reached skill level 10 in Armour
  5126 | D        | Reached skill level 5 in Shields
  5126 | D        | Reached skill level 10 in Air Magic
  5128 | D        | Noticed a deep elf death mage
  5134 | D        | Killed a deep elf death mage
  5134 | D        | Reached skill level 21 in Spellcasting
  5208 | D        | Noticed a deep elf blademaster
  5212 | D        | Killed a deep elf annihilator
  5212 | D        | Reached skill level 10 in Fighting
  5275 | D        | Killed a deep elf death mage
  5371 | D        | Killed a deep elf blademaster
  5377 | D        | Got an ebony flail {crush}
  5406 | D        | Identified the Collected Works on Cloudy Summoning
  5406 | D        | Identified the Almanac of Transmutation
  5407 | D        | Got a serpentine bronze amulet
  5408 | D        | Identified the Tome of the Merchant
  5411 | D        | Got a shimmering pewter ring
  5414 | D        | Got a twitching ruby amulet
  5414 | D        | Got a pitted bronze amulet
  5424 | D        | Identified the amulet of Vehumet's Favour {Faith Str+4 Int+3} (You found it in the Dungeon)
  5426 | D        | Identified the cursed ring "Wijeptum" {+Inv rElec MR- Dex-2 SInv} (You found it in the Dungeon)
  5448 | D        | Identified the +10 flail of Spontaneous Combustion {crush, rC+ MR+ SInv} (You took it off a deep elf death mage in the Dungeon)
  5542 | D        | Got an ebony flail
  5554 | D        | Identified the +10 flail of the Jolly Nights {crush, *Contam Int+4} (You found it in the Dungeon)
  5790 | D        | Bought a scroll of remove curse for 36 gold pieces
  5798 | D        | Identified the amulet of the Everdark {Reflect +Blink Str+3 Dex+4 SH+6} (You found it in the Dungeon)
  5800 | D        | Identified the amulet "Hev Hown" {+Rage rPois rC+ Str+4} (You found it in the Dungeon)
  5992 | D        | Noticed Harold
  5992 | D        | Noticed Joseph
  5997 | D        | Killed Harold
  6001 | D        | Killed Joseph
  6100 | D        | Learned a level 3 spell: Ignite Poison
  6174 | D        | Found Rastiest's Book Emporium.
  6174 | D        | Found Kistebo's Gadget Shop.
  6174 | D        | Found Daddiofo's Gadget Boutique.
  6174 | D        | Found Puebruh's Jewellery Shoppe.
  6174 | D        | Found Oruomoik's Food Boutique.
  6174 | D        | Found Caov's Magic Scroll Emporium.
  6174 | D        | Found Xuin's Distillery.
  6174 | D        | Found Woquug's Antique Weapon Shop.
  6174 | D        | Found Offo's Book Shop.
  6174 | D        | Found Began's Antique Armour Emporium.
  6174 | D        | Found Exteg's Distillery.
  6174 | D        | Found Woytinnepoe's Magic Scroll Boutique.
  6197 | D        | Bought a book of Fire for 910 gold pieces
  6200 | D        | Bought a book of Clouds for 540 gold pieces
  6202 | D        | Bought a scroll of enchant armour for 90 gold pieces
  6202 | D        | Bought 2 scrolls of identify for 48 gold pieces
  6202 | D        | Bought a scroll of blinking for 90 gold pieces
  6210 | D        | Bought a scroll of enchant armour for 105 gold pieces
  6210 | D        | Bought a scroll of fog for 28 gold pieces
  6436 | D        | Reached skill level 5 in Evocations
  6504 | D        | Noticed a fire dragon
  6508 | D        | Killed a fire dragon
  6576 | D        | Reached XP level 14. HP: 88/88 MP: 33/41
  6585 | D        | Reached skill level 22 in Spellcasting
  6603 | D        | Got a pitted short sword
  6604 | D        | Identified the +9 short sword "Esuni" {pierce, rF+ rC+ MR+ Str-5} (You found it in the Dungeon)
  6608 | D        | Gained mutation: You are dopey. (Int -2) [mutagenic glow]
  6969 | D        | Noticed Chuck
  6973 | D        | Killed Chuck
  7064 | D        | Noticed Sojobo
  7089 | D        | Killed Sojobo
  7089 | D        | Reached skill level 15 in Fire Magic
  7194 | D        | Noticed a lich
  7197 | D        | Killed a lich
  7223 | D        | Noticed a shadow dragon
  7223 | D        | Noticed a shadow dragon
  7239 | D        | Killed a shadow dragon
  7239 | D        | Reached skill level 15 in Conjurations
  7239 | D        | Killed a shadow dragon
  7239 | D        | Reached skill level 23 in Spellcasting
  7380 | D        | Reached skill level 10 in Earth Magic
  8108 | D        | Noticed a vampire knight
  8114 | D        | Killed a vampire knight
  8117 | D        | Noticed Mara
  8280 | D        | Killed Mara
  8281 | D        | Noticed a vampire knight
  8285 | D        | Killed a vampire knight
  8285 | D        | Reached XP level 15. HP: 96/96 MP: 19/44
  8298 | D        | Noticed an ancient champion
  8304 | D        | Killed an ancient champion
  8310 | D        | Got a pitted mace
  8551 | D        | Noticed a fire giant
  8551 | D        | Noticed a frost giant
  8551 | D        | Noticed a frost giant
  8551 | D        | Noticed a fire giant
  8552 | D        | Noticed a titan
  8553 | D        | Killed a frost giant
  8553 | D        | Reached skill level 24 in Spellcasting
  8553 | D        | Reached skill level 10 in Evocations
  8554 | D        | Killed a titan
  8555 | D        | Reached skill level 25 in Spellcasting
  8557 | D        | Killed a fire giant
  8563 | D        | Killed a frost giant
  8630 | D        | Killed a fire giant
  8630 | D        | Reached skill level 10 in Shields
  8814 | D        | Got a smoking glass ring
  8818 | D        | Got a silver rune of Zot
  8831 | D        | Got an ivory broad axe
  8833 | D        | Got a dazzling great mace
  8974 | D        | Identified the +5 broad axe of the Vestibule of Hell {speed, Dex+3} (You found it in the Dungeon)
  8997 | D        | Identified the ring of Libbub {MP+9 Stlth-} (You found it in the Dungeon)
  9271 | D        | Learned a level 7 spell: Ring of Flames
  9512 | D        | Reached skill level 1 in Charms
  9544 | D        | Noticed a storm dragon
  9546 | D        | Noticed Nikola
  9551 | D        | Killed a storm dragon
  9552 | D        | Killed Nikola
  9639 | D        | Found Zen Ren's Armour Shoppe.
  9639 | D        | Found Hafesal's Distillery.
  9642 | D        | Reached skill level 15 in Poison Magic
  9649 | D        | Found Buademus's Armour Shop.
  9649 | D        | Found Saolaloq's Food Emporium.
  9685 | D        | Noticed Roxanne
  9692 | D        | Killed Roxanne
  9743 | D        | Reached skill level 5 in Charms
  9925 | D        | Reached XP level 16. HP: 83/104 MP: 27/47
  9949 | D        | Bought a +2 leather armour of positive energy for 176 gold pieces
  9952 | D        | Bought a potion of experience for 650 gold pieces
  9952 | D        | Bought a potion of curing for 39 gold pieces
  9952 | D        | Reached XP level 17. HP: 105/108 MP: 10/48
  9956 | D        | Got a bloodstained shield
  9967 | D        | Identified the +0 shield of Caseth {rPois rN+ Int+4} (You acquired it in the Dungeon)
 10091 | D        | Reached skill level 26 in Spellcasting
 10125 | D        | Found Kioruyc's Distillery.
 10132 | D        | Bought a potion of curing for 39 gold pieces
 10132 | D        | Bought a potion of agility for 52 gold pieces
 10132 | D        | Bought a potion of curing for 39 gold pieces
 10132 | D        | Bought a potion of curing for 39 gold pieces
 10459 | D        | Noticed Boris
 10466 | D        | Killed Boris
 10586 | D        | Noticed Mennas
 10667 | D        | Killed Mennas
 10773 | D        | Got a dazzling large shield
 10784 | D        | Identified the +8 large shield "Fojirhia" {rCorr Dex+2} (You took it off Mennas in the Dungeon)
 11275 | D        | Noticed Azrael
 11278 | D        | Killed Azrael
 11278 | D        | Reached skill level 27 in Spellcasting
 11278 | D        | Reached skill level 15 in Air Magic
 11416 | D        | Bought an uncursed ring of positive energy for 240 gold pieces
 11592 | D        | Reached skill level 10 in Charms
 11679 | D        | Killed Nessos
 11701 | D        | Reached skill level 15 in Armour
 11735 | D        | Noticed a lich
 11739 | D        | Killed a lich
 11815 | D        | Upgraded the game from 0.21-a0-241-g2cbab09 to 0.21-a0-243-g597973d
 12695 | D        | Reached skill level 15 in Earth Magic
 12730 | D        | Gained mutation: You occasionally shout uncontrollably at your foes. [a shining eye]
 12731 | D        | Gained mutation: You tend to lose your temper in combat. [a shining eye]
 12733 | D        | Noticed the Royal Jelly
 12736 | D        | Gained mutation: You often lose your temper in combat. [a shining eye]
 12739 | D        | Noticed an acid blob
 12740 | D        | Noticed an acid blob
 12740 | D        | Noticed an acid blob
 12740 | D        | Noticed an acid blob
 12741 | D        | Killed an acid blob
 12741 | D        | Killed an acid blob
 12741 | D        | Noticed an acid blob
 12742 | D        | Killed an acid blob
 12742 | D        | Killed the Royal Jelly
 12742 | D        | Reached skill level 15 in Evocations
 12742 | D        | Reached XP level 18. HP: 83/118 MP: 7/51
 12764 | D        | Got a slimy rune of Zot
 12768 | D        | Identified the Incunabulum of Infinity
 12973 | D        | Noticed a greater mummy
 12973 | D        | Noticed a greater mummy
 12974 | D        | Lost strength.
 12974 | D        | Reached skill level 15 in Fighting
 12976 | D        | HP: 2/119 [greater mummy/divine providence (16)]
 12977 | D        | Killed a greater mummy
 12980 | D        | Killed a greater mummy
 12980 | D        | Reached skill level 15 in Charms
 13046 | D        | Got a golden rune of Zot
 13059 | D        | Learned a level 9 spell: Fire Storm
 13083 | D        | Got a pair of shimmering gloves
 13094 | D        | Identified the +2 pair of gloves of Parts Unknown {*Contam rElec Str+10 Int+2} (You acquired it in the Dungeon)
 13107 | D        | Got a pair of crude gloves
 13109 | D        | Got a bloodstained scarf
 13120 | D        | Identified the scarf of Xiakh {SInv} (You acquired it in the Dungeon)
 13353 | D        | Identified the -3 pair of gloves of Eruor {rF- rCorr Str+4 Dex+2} (You acquired it in the Dungeon)
 13536 | D        | Noticed Geryon
 13553 | D        | Killed Geryon
 13634 | D        | Noticed an Ice Fiend
 13635 | D        | Killed from afar by an Ice Fiend

Vault maps used:
D:        dungeon_sprint_mu

Skill      XL: |  1  2  3  4  5  6  7  8  9 10 11 12 13 14 15 16 17 18 |
---------------+-------------------------------------------------------+-----
Spellcasting   | 6 8 10 12 13 14 15 17 18 20 21 23 25 27 | 27.0
Conjurations   | 3 4 5 7 8 9 10 11 12 14 15 17 19 | 19.9
Fire Magic     | 4 5 6 8 9 10 11 12 13 14 15 17 19 20 | 20.0
Fighting       | 3 4 5 6 7 8 9 10 11 13 14 15 | 15.5
Armour         | 3 4 5 6 7 8 9 10 11 13 16 | 16.7
Dodging        | 5 6 8 9 10 11 13 | 13.1
Short Blades   | 3 4 6 7 8 9 10 | 10.7
Air Magic      | 2 3 5 7 9 10 12 14 16 17 | 17.2
Poison Magic   | 2 4 6 8 10 11 13 15 17 18 | 18.5
Earth Magic    | 4 8 10 13 15 17 | 17.0
Shields        | 3 6 8 10 12 13 | 13.7
Evocations     | 5 9 11 12 15 16 | 16.1
Charms         | 5 13 15 | 15.8
Stealth        | |  2.4

Action                   |  1- 3 |  4- 6 |  7- 9 | 10-12 | 13-15 | 16-18 || total
-------------------------+-------+-------+-------+-------+-------+-------++-------
Melee: Unarmed           |       |     2 |       |       |       |       ||     2
       Kick              |       |     1 |     2 |     1 |       |       ||     4
       Dagger            |       |       |     6 |    11 |    69 |       ||    86
       Short sword       |       |       |       |       |    46 |    69 ||   115
       Flail             |       |       |       |       |     2 |       ||     2
Throw: Throwing net      |       |       |       |     1 |       |       ||     1
 Cast: Flame Tongue      |    10 |     7 |    65 |     5 |     3 |    12 ||   102
       Sticky Flame      |       |     4 |     8 |     5 |     9 |     7 ||    33
       Conjure Flame     |       |     1 |     7 |     1 |     1 |       ||    10
       Throw Flame       |       |     1 |     2 |     1 |       |       ||     4
       Fireball          |       |       |     2 |    12 |     9 |       ||    23
       Mephitic Cloud    |       |       |     5 |     2 |     4 |     6 ||    17
       Inner Flame       |       |       |     4 |     3 |     2 |     1 ||    10
       Bolt of Fire      |       |       |       |    62 |    48 |    29 ||   139
       Orb of Destructio |       |       |       |    31 |    59 |    30 ||   120
       Airstrike         |       |       |       |     2 |     9 |    13 ||    24
       Ignition          |       |       |       |       |    14 |    16 ||    30
       Iron Shot         |       |       |       |       |    17 |     7 ||    24
       Ignite Poison     |       |       |       |       |     2 |       ||     2
       Ring of Flames    |       |       |       |       |       |     9 ||     9
       Fire Storm        |       |       |       |       |       |     1 ||     1
 Abil: Evoke Invisibilit |       |       |       |       |     1 |     1 ||     2
Evoke: Wand              |       |       |       |       |       |     3 ||     3
  Use: Scroll            |       |     3 |       |     2 |    10 |    12 ||    27
       Potion            |       |     3 |       |     1 |     2 |     4 ||    10
 Stab: Sleeping          |       |       |       |     3 |     1 |       ||     4
       Held in net/web   |       |       |       |       |     1 |       ||     1
       Confused          |       |       |       |       |       |     3 ||     3
  Eat: Chunk             |       |       |     1 |     5 |     3 |     2 ||    11
       Royal jelly       |       |       |       |    10 |     5 |     5 ||    20
       Fruit             |       |       |       |     6 |     1 |     7 ||    14
Armor: Robe              |       |     1 |       |     1 |       |       ||     2
       Leather armour    |       |       |       |     1 |    25 |    15 ||    41
Dodge: Dodged            |       |       |    10 |    36 |    85 |    48 ||   179
       Deflected         |       |       |       |       |       |     3 ||     3
Block: Shield            |       |       |       |       |    71 |    75 ||   146
       Reflection        |       |       |       |       |     7 |    22 ||    29
       Large shield      |       |       |       |       |    30 |    32 ||    62

Table legend:
 A = Spawn XP
 B = Non-spawn XP
 C = Spawn XP percentage of total XP
 D = Spawn monster count
 E = Non-spawn monster count
 F = Spawn count percentage of total count
 G = Total turns spent on level
                    A         B        C        D         E        F      G
               +---------+---------+-------+---------+---------+-------+---------
         Total |       0 |  265015 |   0.0 |       0 |     338 |   0.0 | 13635
               +---------+---------+-------+---------+---------+-------+---------
             D |       0 |  265015 |   0.0 |       0 |     338 |   0.0 | 13635
               +---------+---------+-------+---------+---------+-------+---------
